 Dungeon Crawl Stone Soup version 0.28.0-53-g5a82cb258f (webtiles) character file.

Game seed: 340532948108846319

581 Sin92 the Skirmisher (level 7, 0/54 HPs)
             Began as a Demonspawn Fighter on Aug 2, 2022.
             Constricted to death by a ball python (1 damage)
             ... on level 4 of the Dungeon.
             The game lasted 00:06:42 (3026 turns).

Sin92 the Skirmisher (Demonspawn Fighter)           Turns: 3026, Time: 00:06:43

Health: 0/54       AC: -4    Str: 19    XL:     7   Next: 14%
Magic:  10/10      EV:  6    Int:  9    God:
Gold:   241        SH:  9    Dex: 12    Spells: 10/10 levels left

rFire   . . .      SeeInvis +   i - +2 whip (drain)
rCold   . . .      Faith    .   c - +0 buckler
rNeg    . . .      Spirit   .   b - +0 scale mail
rPois   .          Reflect  .   (no helmet)
rElec   .          Harm     .   (no cloak)
rCorr   .          Rampage  .   (no gloves)
Will    .....                   (no boots)
Stlth   ..........              k - amulet of regeneration
HPRegen 0.98/turn               j - ring of see invisible
MPRegen 0.12/turn               e - +4 ring of protection

@: corroded, constricted
A: condensation shield, demonic magic 1, demonic touch 2
a: no special abilities


You were on level 4 of the Dungeon.
You visited 1 branch of the dungeon, and saw 4 of its levels.

You collected 241 gold pieces.

Inventory:

Hand Weapons
 a - a +0 war axe
 i - a +2 whip of draining (weapon)
Armour
 b - a +0 scale mail (worn)
 c - a +0 buckler (worn)
 h - a +3 leather armour of fire resistance
Jewellery
 e - a +4 ring of protection (right hand)
 j - a ring of see invisible (left hand)
 k - an amulet of regeneration (around neck)
Wands
 d - a wand of mindburst (11)
 l - a wand of polymorph (7)
Scrolls
 f - a scroll of immolation
 g - a scroll of identify


   Skills:
 + Level 4.2 Fighting
 - Level 2.3(3.3) Axes
 * Level 3.5(3.9) Maces & Flails
 + Level 3.8 Armour
 + Level 3.9 Shields
 + Level 2.4 Spellcasting


You had 10 spell levels left.
You didn't know any spells.
Your spell library contained the following spells:

 Spells                   Type           Power      Damage    Failure   Level
 Corpse Rot               Necr/Air       2%         N/A       88%         2
 Poisonous Vapours        Pois/Air       2%         N/A       88%         2


Dungeon Overview and Level Annotations

Branches:
Dungeon (4/15)
 Temple: D:4-7

Altars:
Kikubaaqudgha
Vehumet


Innate Abilities, Weirdness & Mutations

A meltable shield of frost defends you. (SH +4)
Spells you cast may paralyse adjacent enemies.
Your touch may inflict irresistible damage on your foes.


Message History

The jackal bites you.
* * * LOW HITPOINT WARNING * * *
The jelly seems less drained.
You block the jackal's attack.
You barely miss the ball python. You block the jackal's attack.
The ball python bites you.
* * * LOW HITPOINT WARNING * * *
The ball python barely misses you.
You closely miss the ball python. The jackal bites you.
* * * LOW HITPOINT WARNING * * *
The jackal closely misses you. The ball python barely misses you.
The ball python closely misses you.
You barely miss the ball python. The jackal bites you.
* * * LOW HITPOINT WARNING * * *
The jackal bites you.
* * * LOW HITPOINT WARNING * * *
You block the ball python's attack. The ball python closely misses you.
The jackal closely misses you.
You hit the ball python but do no damage.
You block the jackal's attack. The jackal closely misses you.
The ball python bites you.
* * * LOW HITPOINT WARNING * * *
The ball python grabs you. The ball python constricts you.
* * * LOW HITPOINT WARNING * * *
The jackal bites you.
* * * LOW HITPOINT WARNING * * *
Unknown command.
You closely miss the ball python. You block the jackal's attack.
The jackal bites you.
* * * LOW HITPOINT WARNING * * *
You block the ball python's attack. The ball python constricts you.
* * * LOW HITPOINT WARNING * * *
Unknown command.
You closely miss the ball python. You block the jackal's attack.
The jackal bites you.
* * * LOW HITPOINT WARNING * * *
The ball python bites you.
* * * LOW HITPOINT WARNING * * *
The ball python constricts you.
You die...

########♣##♣##♣#.#
#.....J..........#
##.....#♣##♣##♣#..
#.##### ### #.# .
#.# ##J###.##
#hh.....#
#@##+##.# #S# #.#
#.# #.# #.. ##. .


You could see a jelly, 2 jackals and a ball python.

Vanquished Creatures
  A necrophage (D:3)
  2 ogres
  A scorpion (D:4)
  Ijyb (D:3)
  Natasha (thrice) (D:3)
  2 orc wizards (D:3)
  4 adders
  A dart slug (D:4)
  5 orcs
  3 ball pythons
  6 bats
  9 endoplasms
  A giant cockroach (D:3)
  7 goblins
  8 hobgoblins
  4 jackals
  3 kobolds
  4 quokkas
  5 frilled lizards
  A rat (D:2)
71 creatures vanquished.

Notes
Turn   | Place    | Note
-------+----------+-------------------------------------------
     0 | D:1      | Sin92 the Demonspawn Fighter began the quest for the Orb.
     0 | D:1      | Reached XP level 1. HP: 18/18 MP: 1/1
   291 | D:1      | Gained mutation: Spells you cast may paralyse adjacent
                  | enemies. [demonic ancestry]
   291 | D:1      | Reached XP level 2. HP: 13/24 MP: 2/2
   529 | D:1      | Found a faded altar of an unknown god.
  1287 | D:2      | Found an ancient bone altar of Kikubaaqudgha.
  1295 | D:2      | Reached XP level 3. HP: 27/29 MP: 3/3
  1883 | D:2      | Reached skill level 1 in Maces & Flails
  2065 | D:3      | Noticed Natasha
  2070 | D:3      | Killed Natasha
  2071 | D:3      | Reached XP level 4. HP: 22/35 MP: 5/5
  2101 | D:3      | Reached skill level 1 in Spellcasting
  2185 | D:3      | Noticed Natasha
  2196 | D:3      | Killed Natasha
  2197 | D:3      | Gained mutation: A meltable shield of frost defends you.
                  | (SH +4) [demonic ancestry]
  2197 | D:3      | Reached XP level 5. HP: 40/41 MP: 6/6
  2211 | D:3      | Noticed a necrophage
  2228 | D:3      | Killed a necrophage
  2235 | D:3      | Gained mutation: Your touch may inflict minor irresistible
                  | damage on your foes. [demonic ancestry]
  2235 | D:3      | Reached XP level 6. HP: 48/48 MP: 6/8
  2245 | D:3      | Noticed Natasha
  2252 | D:3      | Killed Natasha
  2305 | D:3      | Identified the +6 spear of Balance {flame, rPois rN+ rCorr
                  | Dex+4}
  2385 | D:3      | Found a radiant altar of Vehumet.
  2516 | D:3      | Noticed Ijyb
  2534 | D:3      | Killed Ijyb
  2804 | D:3      | Reached skill level 4 in Fighting
  2926 | D:4      | Gained mutation: Your touch may inflict irresistible damage
                  | on your foes. [demonic ancestry]
  2926 | D:4      | Reached XP level 7. HP: 37/54 MP: 10/10
  3026 | D:4      | HP: 2/54 [jackal (2)]
  3026 | D:4      | Constricted to death by a ball python

Illustrated notes

Levels and vault maps discovered:
D:1:      psy_arrival_fountain, layout_basic, basic_ecumenical_altar, hex_tiny,
          minmay_pentomino_o4
D:2:      layout_rooms, basic_altar
D:3:      layout_loops_ring, nicolae_vehumet_radiance,
          chequers_serial_rivers_marsh, uniq_ijyb, uniq_natasha
D:4:      minmay_polygon_palace, layout_rooms, portal_sewer_entry_f,
          amcnicky_mini_corridor_feature, minmay_misc_feat_room

Skill      XL: |  1  2  3  4  5  6 |
---------------+-------------------+-----
Axes           | 2 |  2.3
Shields        | 3 |  3.9
Armour         | 3 |  3.8
Maces & Flails | 1 2 3 |  3.5
Spellcasting   | 1 2 |  2.4
Fighting       | 4 |  4.2

Action                   |  1- 3 |  4- 6 |  7- 9 || total
-------------------------+-------+-------+-------++-------
Melee: War axe           |    47 |       |       ||    47
       Whip              |    63 |   103 |    32 ||   198
       Unarmed           |       |     8 |       ||     8
  Use: Potion            |     1 |     3 |       ||     4
       Scroll            |     1 |     2 |       ||     3
Armor: Scale mail        |    62 |    22 |    11 ||    95
       Skin              |       |     1 |       ||     1
Dodge: Dodged            |    49 |    42 |    29 ||   120
Block: Buckler           |    26 |    35 |    33 ||    94
